 Dungeon Sprint DCSS version 0.21-a0-364-gbd1fde4 (webtiles) character file.

14277 Kidiri the Thrower (level 11, -29/123 HPs)
             Began as a Troll Hunter on Oct 14, 2017.
             Was a High Priest of Trog.
             Hit by a large rock thrown by a stone giant (34 damage)
             ... in the Dungeon (Sprint IX: "|||||||||||||||||||||||||||||").
             The game lasted 00:14:18 (1769 turns).

Kidiri the Thrower (Troll Hunter)                   Turns: 1769, Time: 00:14:20

Health: -29/123    AC:  7    Str: 27    XL:     11   Next: 86%
Magic:  10/10      EV: 17    Int:  7    God:    Trog [*****.]
Gold:   1459       SH:  0    Dex: 11    Spells: 10/10 levels left

rFire    . . .     SeeInvis .   a - +0 giant spiked club
rCold    . . .     Gourm    +   (shield currently unavailable)
rNeg     . . .     Faith    .   b - +0 robe
rPois    +         Spirit   .   (helmet restricted)
rElec    .         Reflect  .   p - +0 cloak
rCorr    .         Harm     .   (gloves unavailable)
MR       .....     NoTele   +   (boots unavailable)
Stlth    +.........             (no amulet)
HPRegen  0.70/turn              q - +2 ring of evasion
MPRegen  0.12/turn              r - +3 ring of strength

@: berserk cooldown, slowed, very slow
A: unfitting armour, claws 3, hooves 1, fast metabolism 3, gourmand, poison
resistance, regeneration 1, shaggy fur 1, tough skin 2
a: Berserk, Trog's Hand, Brothers in Arms, Burn Spellbooks, Renounce Religion


You were in the Dungeon.
You worshipped Trog.
Trog was extremely pleased with you.
You were very full.

You visited 1 branch You collected 1459 gold pieces.

Inventory:

Hand Weapons
 a - a +0 giant spiked club (weapon)
Missiles
 c - 7 javelins of penetration
 d - 8 javelins of returning
 z - 8 poisoned javelins
 A - 9 steel javelins
 G - 6 silver javelins
 R - a large rock (quivered)
Armour
 b - a +0 robe (worn)
 p - a +0 cloak (worn)
Jewellery
 q - a +2 ring of evasion (left claw)
 r - a +3 ring of strength (right claw)
Wands
 o - a wand of acid (7/15)
Scrolls
 k - 3 scrolls of blinking
 n - 5 scrolls of remove curse
 v - 4 scrolls of enchant armour
 w - a scroll of fog
 x - 2 scrolls of identify
Potions
 e - 6 potions of curing
 g - 4 potions of heal wounds
 h - 3 potions of haste
 i - 4 potions of magic
 j - a potion of berserk rage
 l - 2 potions of invisibility
 m - a potion of brilliance
 C - a potion of resistance
Comestibles
 f - 14 bread rations
 s - 5 chunks of flesh
 D - 40 fruits
 E - 12 meat rations


   Skills:
 * Level 12.2 Fighting
 * Level 12.8 Maces & Flails
 * Level 13.5 Throwing
 + Level 8.8 Armour
 * Level 12.2 Dodging
 - Level 0.3 Stealth


You had 10 spell levels left.
You didn't know any spells.

Dungeon Overview and Level Annotations

Branches:
Dungeon (1/1)

Altars:
Cheibriados
Dithmenos
Elyvilon
Fedhas
Gozag
Hepliaklqana
Kikubaaqudgha
Makhleb
Nemelex Xobeh
Okawaru
Qazlal
Ru
Sif Muna
Trog
Uskayaw
Vehumet
Wu Jian
Xom
Yredelemnul
Zin
The Shining One
Beogh
Jiyva
Lugonu

Shops:
D ?:[?


Innate Abilities, Weirdness & Mutations

You are too large for most types of armour.
You have claws for hands.
Your metabolism is lightning-fast.
You like to eat raw meat.
Your natural rate of healing is unusually fast.
You are covered in fur. (AC +1)
You have very tough skin. (AC +2)
You have large cloven feet.
Your system is resistant to poisons. (rPois)


Message History

You feel a strong urge to attack something.
You start resting.
You feel your anger nearly subside.
You start resting.
You are no longer berserk.
You are exhausted.
You feel yourself slow down.
c - 7 javelins of penetration;
d - 8 javelins of returning You now have 1459 gold pieces (gained 50).
A stone giant comes into view.
The stone giant shouts!
The stone giant throws a large rock.
The large rock hits you!
* * * LOW HITPOINT WARNING * * *
Found Ashuga Etuo's Magic Scroll Shoppe.
Items here: $ ( ) [[ †† Unknown command.
Unknown command.
Your deep troll goes berserk!
The stone giant throws a large rock.
The large rock hits you!!
You die...

▓.▓.▓.▓.▓_▓
▓.▓.▓.▓.▓_▓
▓.▓.▓÷▓.▓_▓
▓'▓.▓.▓.▓_▓
▓.▓.▓'▓.▓'▓
▓.▓.▓.▓.▓.▓
▓.▓.▓.▓.▓.▓
▓T▓.▓.▓.▓.▓
▓@▓.▓.▓.▓.▓
▓∩▓.▓.▓.▓.▓
▓.▓.▓.▓.▓.▓
▓∩▓.▓.▓.▓.▓
▓(▓.▓.▓.▓.▓
▓∩▓.▓.▓.▓.▓
▓C▓.▓.▓.▓'▓
▓O▓.▓.▓.▓.▓
▓.▓.▓.▓.▓


You could see a stone giant, an ogre mage (wandering) and a friendly deep troll
(berserk).

Vanquished Creatures
  A stone giant (D)
  A centaur warrior (D)
  4 ogre magi (D)
  Urug (D)
  5 deep trolls (D)
  An orc knight (D)
  A black mamba (D)
  A gargoyle (D)
  A spiny frog (D)
  2 komodo dragons (D)
  4 polar bears (D)
  2 trolls (D)
  A blink frog (D)
  2 basilisks (D)
  A water moccasin (D)
  A soldier ant (D)
  2 porcupines (D)
  10 orc warriors (D)
  A sky beast (D)
  A black bear (D)
  An ogre (D)
  A centaur (D)
  6 crocodiles (D)
  A scorpion (D)
  An iguana (D)
  An orc wizard (D)
  A gnoll (D)
  An adder (D)
  3 orcs (D)
  A bat zombie (D)
  A giant cockroach (D)
  2 hobgoblins (D)
  A kobold (D)
  A ball python (D)
  A giant cockroach zombie (D)
  2 quokka zombies (D)
  A rat (D)
69 creatures vanquished.

Vanquished Creatures (collateral kills)
  An orc high priest (D)
  A hippogriff (D)
  A water moccasin (D)
  5 orc warriors (D)
  3 black bears (D)
  An orc priest (D)
  An orc wizard (D)
  2 orcs (D)
15 creatures vanquished.

Vanquished Creatures (others)
  A sky beast (D)
1 creature vanquished.

Grand Total: 85 creatures vanquished

Notes
Turn   | Place    | Note
-------+----------+-------------------------------------------
     0 | D        | Kidiri the Troll Hunter began the quest for the Orb.
     0 | D        | Reached XP level 1. HP: 19/19 MP: 0/0
     9 | D        | Reached skill level 4 in Throwing
     9 | D        | Reached skill level 1 in Armour
     9 | D        | Reached XP level 2. HP: 16/29 MP: 1/1
    74 | D        | Reached skill level 1 in Maces & Flails
    78 | D        | Reached XP level 3. HP: 28/37 MP: 2/2
   133 | D        | Found a roughly hewn altar of Beogh.
   133 | D        | Found a snail-covered altar of Cheibriados.
   133 | D        | Found a shadowy altar of Dithmenos.
   133 | D        | Found a white marble altar of Elyvilon.
   133 | D        | Found a blossoming altar of Fedhas.
   133 | D        | Found an opulent altar of Gozag.
   134 | D        | Found a hazy altar of Hepliaklqana.
   135 | D        | Found a viscous altar of Jiyva.
   136 | D        | Found an ancient bone altar of Kikubaaqudgha.
   137 | D        | Found a corrupted altar of Lugonu.
   138 | D        | Found a burning altar of Makhleb.
   139 | D        | Found a sparkling altar of Nemelex Xobeh.
   140 | D        | Found an iron altar of Okawaru.
   141 | D        | Found a stormy altar of Qazlal.
   142 | D        | Found a sacrificial altar of Ru.
   143 | D        | Found a deep blue altar of Sif Muna.
   144 | D        | Found a bloodstained altar of Trog.
   145 | D        | Found a hide-covered altar of Uskayaw.
   146 | D        | Found a radiant altar of Vehumet.
   147 | D        | Found an ornate altar of the Wu Jian Council.
   148 | D        | Found a shimmering altar of Xom.
   149 | D        | Found a basalt altar of Yredelemnul.
   150 | D        | Found a glowing silver altar of Zin.
   151 | D        | Found a glowing golden altar of the Shining One.
   156 | D        | Became a worshipper of Trog the Wrathful
   191 | D        | Noticed a sky beast
   191 | D        | Noticed a centaur
   191 | D        | Noticed a sky beast
   208 | D        | Killed a sky beast
   208 | D        | Reached skill level 5 in Throwing
   208 | D        | Reached XP level 4. HP: 33/48 MP: 3/3
   212 | D        | Killed a centaur
   212 | D        | Reached skill level 6 in Throwing
   212 | D        | Reached XP level 5. HP: 27/55 MP: 4/4
   226 | D        | Killed a sky beast
   226 | D        | Reached * piety under Trog
   226 | D        | Reached skill level 5 in Fighting
   226 | D        | Reached skill level 5 in Dodging
   226 | D        | Reached XP level 6. HP: 42/66 MP: 5/5
   255 | D        | Gained mutation: Your flesh is cold resistant. (rC+) [mutagenic meat]
   298 | D        | Noticed a gargoyle
   298 | D        | Noticed a centaur warrior
   298 | D        | Noticed a soldier ant
   304 | D        | Killed a gargoyle
   304 | D        | Reached ** piety under Trog
   304 | D        | Reached skill level 7 in Throwing
   304 | D        | Reached XP level 7. HP: 74/76 MP: 6/6
   311 | D        | Killed a centaur warrior
   311 | D        | Reached skill level 8 in Throwing
   311 | D        | Reached skill level 5 in Armour
   311 | D        | Reached XP level 8. HP: 67/87 MP: 7/7
   313 | D        | Reached skill level 9 in Throwing
   314 | D        | Reached *** piety under Trog
   371 | D        | Got the +2 rapier "Hoteunt" {venom, rElec rN+ MP-9 Stlth+}
   371 | D        | Got the +2 scimitar "Jumust" {flame, +Fly}
   633 | D        | Lost mutation: Your flesh is cold resistant. (rC+) [potion of mutation]
   633 | D        | Gained mutation: You are clumsy. (Dex -2) [potion of mutation]
   633 | D        | Lost mutation: You are clumsy. (Dex -2) [potion of mutation]
   633 | D        | Gained mutation: Your system is resistant to poisons. (rPois) [potion of mutation]
   633 | D        | Gained mutation: You have large cloven feet. [potion of mutation]
   634 | D        | Noticed a komodo dragon
   634 | D        | Noticed a komodo dragon
   638 | D        | Noticed a blink frog
   643 | D        | Killed a komodo dragon
   645 | D        | Reached XP level 9. HP: 92/97 MP: 8/8
   647 | D        | Received a gift from Trog
   651 | D        | Killed a komodo dragon
   654 | D        | Reached **** piety under Trog
   654 | D        | Reached skill level 10 in Throwing
   664 | D        | Received a gift from Trog
   716 | D        | Noticed a spiny frog
   719 | D        | Killed a spiny frog
   727 | D        | Received a gift from Trog
   743 | D        | Reached ***** piety under Trog
   746 | D        | Noticed a black mamba
   751 | D        | Killed a black mamba
   751 | D        | Received a gift from Trog
   751 | D        | Reached skill level 10 in Maces & Flails
   751 | D        | Reached XP level 10. HP: 103/107 MP: 9/9
   882 | D        | Reached skill level 11 in Throwing
   890 | D        | Received a gift from Trog
   890 | D        | Reached skill level 10 in Fighting
   890 | D        | Reached skill level 10 in Dodging
   907 | D        | Got an iridescent rapier {god gift}
   939 | D        | Identified the +9 rapier of Cruel Justice {venom, +Inv Int+8 Stlth-} (Trog gifted it to you in the Dungeon)
  1004 | D        | Noticed Urug
  1013 | D        | HP: 8/165 [Urug/enchanted great sword (19)]
  1017 | D        | Killed Urug
  1211 | D        | Noticed a stone giant
  1216 | D        | Received a gift from Trog
  1224 | D        | Noticed an orc high priest
  1226 | D        | Killed a stone giant
  1226 | D        | Received a gift from Trog
  1235 | D        | Reached skill level 12 in Throwing
  1241 | D        | Killed an orc high priest
  1346 | D        | Received a gift from Trog
  1451 | D        | Received a gift from Trog
  1452 | D        | Received a gift from Trog
  1453 | D        | Noticed an orc knight
  1453 | D        | Reached XP level 11. HP: 108/119 MP: 10/10
  1467 | D        | Killed an orc knight
  1476 | D        | Received a gift from Trog
  1620 | D        | Found Unasated's Magic Scroll Emporium.
  1620 | D        | Noticed a deep troll
  1620 | D        | Noticed an ogre mage
  1620 | D        | Noticed a deep troll
  1620 | D        | Noticed a deep troll
  1622 | D        | Noticed an ogre mage
  1624 | D        | Received a gift from Trog
  1624 | D        | Killed a deep troll
  1624 | D        | Killed an ogre mage
  1627 | D        | Killed a deep troll
  1628 | D        | Killed an ogre mage
  1628 | D        | Reached skill level 13 in Throwing
  1631 | D        | Killed a deep troll
  1637 | D        | Received a gift from Trog
  1642 | D        | Got a steaming dire flail {god gift}
  1644 | D        | Identified the +4 dire flail "Fieq" {drain, rN+ Int+3} (Trog gifted it to you in the Dungeon)
  1739 | D        | Found Xuipos's Book Shoppe.
  1743 | D        | Found Guilait's Antique Armour Emporium.
  1745 | D        | Noticed an ogre mage
  1748 | D        | Noticed a deep troll
  1748 | D        | Killed an ogre mage
  1748 | D        | Received a gift from Trog
  1750 | D        | Killed a deep troll
  1751 | D        | Noticed an ogre mage
  1752 | D        | Killed an ogre mage
  1752 | D        | Received a gift from Trog
  1752 | D        | Reached ****** piety under Trog
  1753 | D        | Noticed a deep troll
  1761 | D        | Killed a deep troll
  1768 | D        | Found Ashuga Etuo's Magic Scroll Shoppe.
  1768 | D        | Noticed a stone giant
  1768 | D        | HP: 4/123 [stone giant/large rock (15)]
  1769 | D        | Hit by a large rock thrown by a stone giant

Vault maps used:
D:        linesprint

Skill      XL: |  1  2  3  4  5  6  7  8  9 10 11 |
---------------+----------------------------------+-----
Fighting       | 2 3 4 5 6 7 8 9 10 12 | 12.2
Throwing       | 4 5 6 7 8 9 10 12 13 | 13.5
Armour         | 1 2 3 4 5 6 7 8 |  8.8
Dodging        | 2 3 4 5 6 7 8 9 10 12 | 12.2
Maces & Flails | 1 3 4 6 7 8 10 11 12 | 12.8
Stealth        | |  0.3

Action                   |  1- 3 |  4- 6 |  7- 9 | 10-12 || total
-------------------------+-------+-------+-------+-------++-------
Melee: Unarmed           |    21 |       |       |       ||    21
       Dire flail        |    17 |    23 |    41 |       ||    81
       Kick              |       |       |    17 |    28 ||    45
       Giant spiked club |       |       |    26 |    63 ||    89
Throw: Large rock        |     5 |     4 |     4 |    21 ||    34
       Throwing net      |     1 |     1 |       |     1 ||     3
       Javelin           |       |       |       |     7 ||     7
Invok: Berserk           |       |     1 |     2 |     6 ||     9
       Trog's Hand       |       |       |     4 |     5 ||     9
       Brothers in Arms  |       |       |     1 |     4 ||     5
  Use: Potion            |       |     1 |     3 |       ||     4
  Eat: Chunk             |     1 |     6 |    10 |    19 ||    36
Armor: Robe              |    15 |     8 |    10 |    19 ||    52
Dodge: Dodged            |    19 |     9 |    50 |    65 ||   143

Table legend:
 A = Spawn XP
 B = Non-spawn XP
 C = Spawn XP percentage of total XP
 D = Spawn monster count
 E = Non-spawn monster count
 F = Spawn count percentage of total count
 G = Total turns spent on level
                    A         B        C        D         E        F      G
               +---------+---------+-------+---------+---------+-------+---------
         Total |       0 |   20397 |   0.0 |       0 |      85 |   0.0 |  1769
               +---------+---------+-------+---------+---------+-------+---------
             D |       0 |   20397 |   0.0 |       0 |      85 |   0.0 |  1769
               +---------+---------+-------+---------+---------+-------+---------
